AoeStats
← TM Caesar

Arena

508294773Analyzed
1v1 RM · 11d ago on Sep 21, 2026· 22m 53s· 2 players
Game mode
Random Map
Map size
Tiny (2 player)
Population
200
Speed
Normal
Resources
Standard
Victory
Conquest
Starting age
Dark Age
Ending age
Imperial Age
RankedLock teamsTeams togetherTeam positionsShared explorationLock speedFull tech treeHidden civsTurbo modeCheats
Victory
Defeat
🇦🇷 Hindustanis · Argentina
1634
+15
🇳🇿 Franks · New Zealand
1607
-15
comfrick
8:33 Feudal Age
6:50 Loom
9:08 Double-Bit Axe
12:21 Town Watch
16:40 Wheelbarrow
21:00 Castle Age
TM Caesar
10:23 Feudal Age
9:17 Loom
14:38 Castle Age
12:39 Double-Bit Axe
13:19 Horse Collar
23:19 Sanctity
Connection lost

Rejoining the realm…

Still unreachable

The connection could not be restored.

Session expired

The server has moved on; the page needs a fresh start.